 Dungeon Crawl Stone Soup version 0.26-a0-307-g4e7fcc93f0 (webtiles) character file.

Game seed: 15505677269230000360

247713 Infinimo the Earth Mage (level 19, -13/124 HPs)
             Began as a Gargoyle Earth Elementalist on July 14, 2020.
             Was an Initiate of Gozag.
             Killed from afar by a lindwurm (shapeshifter) (23 damage)
             ... with a blast of flame
             ... on level 1 of the Vaults on July 15, 2020.
             The game lasted 01:39:04 (49385 turns).

Infinimo the Earth Mage (GrEE)                     Turns: 49385, Time: 01:39:05

Health: -13/124    AC: 32    Str: 15    XL:     19   Next: 54%
Magic:  5/45       EV: 11    Int: 27    God:    Gozag
Gold:   1850       SH: 10    Dex: 10    Spells: 17/45 levels left

rFire    . . .     SeeInvis .   z - staff of energy
rCold    + + .     Faith    .   s - +0 buckler
rNeg     + + .     Spirit   .   J - +1 leather armour of Nemelex Xobeh's Hatred {rN+ Regen+}
rPois    ∞         Reflect  +   W - +2 helmet {Int+3}
rElec    +         Harm     .   A - +2 cloak
rCorr    .                      w - +2 pair of gloves {Str+3}
MR       +....                  j - +0 pair of boots
Stlth    +++.......             R - amulet "Okicw" {Reflect rC+ SH+5 Stlth+}
HPRegen  0.00/turn              O - ring of Foratul {rC+ MP+9}
MPRegen  0.29/turn              i - ring of wizardry

@: about to teleport, gold aura, flying
A: big wings, icy blue scales 1, molten scales 1, negative energy resistance 1,
electricity resistance, inhibited regeneration, unbreathing, evolution 1,
petrification resistance, rot immunity, AC +14
}: 2/15 runes: decaying, serpentine
a: Stop Flying, Potion Petition, Call Merchant, Bribe Branch, Renounce Religion


You were on level 1 of the Vaults.
You worshipped Gozag.
Gozag was most pleased with you.
You visited 6 branches of the dungeon, and saw 32 of its levels.
You visited the Abyss 1 time.
You also visited: Gauntlet and Ice Cave.

You collected 14743 gold pieces.
You spent 4333 gold pieces at shops.
You paid 8560 gold pieces to Gozag.

Inventory:

Hand Weapons
 I - the +6 flail "Fish" {vamp, rPois MP+9 Dex+2}
   (You bought it in a shop on level 11 of the Dungeon)

   It inflicts no extra harm, but heals its wielder when it wounds a living foe.
   It affects your dexterity (+2).
   It protects you from poison.
   It affects your magic capacity (+9).
Missiles
 F - 873 stones (quivered)
Armour
 j - a +0 pair of boots (worn)
 s - a +0 buckler (worn)
 w - a +2 pair of gloves of strength (worn)
 A - a +2 cloak (worn)
 J - the +1 leather armour of Nemelex Xobeh's Hatred (worn) {rN+ Regen+}
   (You found it on level 4 of the Lair of Beasts)

   It protects you from negative energy.
   It increases your rate of regeneration.
 W - a +2 helmet of intelligence (worn)
Magical Staves
 z - an uncursed staff of energy (weapon)
Jewellery
 i - a ring of wizardry (right hand)
 v - an uncursed amulet of magic regeneration
 B - an uncursed ring of resist corrosion
 G - an uncursed amulet of regeneration
 H - an uncursed ring of positive energy
 O - the ring of Foratul (left hand) {rC+ MP+9}
   (You bought it in a shop on level 6 of the Lair of Beasts)

   [ring of magical power]

   It protects you from cold.
   It affects your magic capacity (+9).
 R - the amulet "Okicw" (around neck) {Reflect rC+ SH+5 Stlth+}
   (You bought it in a shop on level 2 of the Snake Pit)

   [amulet of reflection]

   It shields you and reflects attacks.
   It protects you from cold.
   It affects your SH (+5).
   It makes you more stealthy.
Wands
 b - a wand of disintegration (16)
 C - a wand of iceblast (61)
 E - a wand of clouds (12)
 L - a wand of acid (20)
 M - a wand of digging (8)
 N - a wand of enslavement (11)
Scrolls
 a - 6 scrolls of blinking
 c - 7 scrolls of magic mapping
 g - 19 scrolls of remove curse
 l - 6 scrolls of amnesia
 m - 3 scrolls of teleportation
 u - a scroll of fog
 y - 2 scrolls of enchant weapon
 D - 3 scrolls of enchant armour
 K - 3 scrolls of summoning
 P - 3 scrolls of fear
 S - 7 scrolls of identify
Potions
 d - 15 potions of curing
 e - 5 potions of flight
 f - 3 potions of ambrosia
 h - 4 potions of might
 k - a potion of berserk rage
 n - 6 potions of brilliance
 o - 8 potions of haste
 p - 7 potions of degeneration
 q - 3 potions of stabbing
 t - 2 potions of resistance
 x - a potion of invisibility


   Skills:
 + Level 15.5 Fighting
 - Level 1.5 Dodging
 - Level 2.1 Stealth
 - Level 6.0 Shields
 + Level 13.6 Spellcasting
 - Level 17.7 Conjurations
 * Level 10.4 Translocations
   Level 0.7 Transmutations
 - Level 18.8 Earth Magic
 - Level 8.8 Evocations


You had 17 spell levels left.
You knew the following spells:

 Your Spells              Type           Power        Failure   Level
a - Sandblast             Erth           ######       0%          1
b - Stone Arrow           Conj/Erth      ######       0%          3
c - Iskenderun's Battles  Conj/Chrm      ######..     1%          5
d - Lee's Rapid Deconstr  Erth           #######...   1%          5
e - Iron Shot             Conj/Erth      #######...   1%          6
f - Controlled Blink      Tloc           N/A          75%         8

Your spell library contained the following spells:

 Spells                   Type           Power        Failure   Level
 Magic Dart               Conj           ####         0%          1
 Beastly Appendage        Tmut           ###...       1%          1
 Freeze                   Ice            ###.         1%          1
 Sting                    Tmut/Pois      ###.         1%          1
 Blink                    Tloc           N/A          1%          2
 Passwall                 Tmut/Erth      ######..     1%          2
 Sticks to Snakes         Tmut           ###.....     1%          2
 Conjure Flame            Conj/Fire      ######..     1%          3
 Gell's Gravitas          Tloc           ######....   1%          3
 Mephitic Cloud           Conj/Pois/Air  ######..     1%          3
 Portal Projectile        Hex/Tloc       #####.       1%          3
 Hailstorm                Conj/Ice       ######..     1%          4
 Leda's Liquefaction      Hex/Erth       ######....   1%          4
 Petrify                  Tmut/Erth      ######..     1%          4
 Bolt of Magma            Conj/Fire/Erth ######....   1%          5
 Borgnjor's Vile Clutch   Necr/Erth      ######....   1%          5
 Orb of Destruction       Conj           #######...   1%          7
 Call Imp                 Summ           ###.....     2%          2
 Ensorcelled Hibernation  Hex/Ice        ###...       2%          2
 Poisonous Vapours        Pois/Air       ###...       2%          2
 Slow                     Hex            ###.....     2%          2
 Dispersal                Tloc           ######....   3%          6
 Confusing Touch          Hex            ###.....     4%          3
 Frozen Ramparts          Ice            ###...       4%          3
 Ignite Poison            Fire/Tmut/Pois ###.....     4%          3
 Ozocubu's Armour         Chrm/Ice       ###.....     4%          3
 Spider Form              Tmut/Pois      ###.......   4%          3
 Ice Form                 Ice/Tmut       ###.....     12%         4
 Cause Fear               Hex            ###.......   16%         4
 Olgreb's Toxic Radiance  Pois           ###.....     16%         4
 Summon Ice Beast         Ice/Summ       ###.....     16%         4
 Blade Hands              Tmut           ###.......   28%         5
 Yara's Violent Unravell  Hex/Tmut       ###.......   32%         5
 Metabolic Englaciation   Hex/Ice        ###.......   38%         5
 Silence                  Hex/Air        ###.......   38%         5
 Shatter                  Erth           #######...   52%         9
 Disjunction              Tloc           ######....   75%         8
 Darkness                 Hex            ###.......   89%         6
 Shadow Creatures         Summ           N/A          89%         6
 Discord                  Hex            ###.......   100%        8
 Ignition                 Fire           ###.......   100%        8
 Statue Form              Tmut/Erth      Unusable     N/A         6

Dungeon Overview and Level Annotations

Branches:
Dungeon (15/15)            Temple (0/1) D:6            Lair (6/6) D:11
  Swamp (4/4) Lair:4        Snake (4/4) Lair:3        Slime (0/5) Lair:6
    Orc (2/2) D:12            Elf (0/3) Orc:2        Vaults (1/5) D:13
 Depths (0/5) D:15          IceCv (visited)         Gauntlet (visited)

Altars:
Fedhas
Gozag
Makhleb
Nemelex Xobeh
Okawaru
Qazlal
Trog
Vehumet
Xom
Zin
The Shining One
Jiyva

Shops:
D:11 *(   D:13 (   D:14 :(((*!   Orc:2 ?}([*=   Lair:5 *   Lair:6 =   Swamp:3 :
Snake:2 *?(*   Snake:3 =

Annotations:
Lair:6 2 transporters, WhatIsLove's ghost, journeyman HOMo


Innate Abilities, Weirdness & Mutations

You are resistant to torment.
Your stone body is resilient. (AC +14)
You are immune to poison.
Your large and strong wings let you fly indefinitely.
You resist negative energy. (rN+)
You are resistant to electric shocks. (rElec)
You can survive without breathing.
You are immune to petrification.
You are immune to rotting.
You are partially covered in icy blue scales. (AC +2)
You are partially covered in molten scales. (AC +2)
You do not regenerate when monsters are visible.
You evolve.


Message History

Your +2 pair of gloves of strength unmelds from your body.
Your +0 pair of boots unmelds from your body.
The +1 leather armour of Nemelex Xobeh's Hatred {rN+ Regen+} unmelds from your body.
You feel clever.
You feel stronger.
You feel yourself speed up.
You feel less ready to backstab.
The troll is no longer distracted by gold.
The deep elf archer blinks!
Throwing (i - inventory)
F - 873 stones (quivered)
Press: ? - help, Shift-Dir - straight line, f/p - deep elf archer
Aim: a deep elf archer, wielding a +0 short sword, wearing a cursed +0 leather armour and quivering 9 arrows (heavily wounded, repelling missiles)
Okay, then.
As you read the scroll of teleportation, it crumbles to dust.
You feel strangely unstable. The lindwurm bites you!
* * * LOW HITPOINT WARNING * * *
You block the lindwurm's attack.
You reach down and open the door.
The lindwurm breathes flames at you. The blast of flame hits you!!
You die...
Your body crumbles into a pile of gold.

########## .........
....... #....# #....#
#....#### #####
####...(#..####...# ##
#..#..(.e$T'k@'/..#
...#..#....#..#..##+##
.Dp'..#....##+##+#..#
...#p$'....##..#.#..#
s. #..#....##..####'##
# ####....##'##..#..#
#....#...'..'..#
#....#.∩.####..#
#....##### ####


You could see a deep elf archer (repels missiles), a lindwurm shaped shifter
(catching breath) and a troll.

Vanquished Creatures
  Saint Roka (Snake:3)
  Vashnia (Snake:2)
  Bai Suzhen (Snake:3)
  A bone dragon (Abyss:3)
  A tentacled monstrosity (Swamp:4)
  A lich (Abyss:3)
  2 tentacled starspawn (Abyss:3)
  Kirke (Snake:2)
  The ghost of brujo666 the Warrior, an adept DsFi of Okawaru (Swamp:3)
  2 thorn hunters (Swamp:2)
  Donald (Swamp:3)
  Aizul (Snake:3)
  8 nagarajas
  A vault warden (Vaults:1)
  Louise (Swamp:3)
  A stone giant (Orc:1)
  A very ugly thing (Swamp:4)
  A minotaur (Gauntlet)
  2 fire dragons
  Fannar (Lair:2)
  2 green deaths (Swamp:4)
  4 vault guards (D:13)
  An ice dragon (Lair:6)
  21 hydras
  Harold (D:8)
  7 anacondas
  11 naga warriors
  A catoblepas (D:10)
  16 two-headed ogres
  A death knight (D:14)
  3 centaur warriors (D:14)
  14 alligators
  2 shambling mangroves
  4 death yaks (Lair:5)
  4 ogre magi
  Urug (D:13)
  2 tengu warriors
  6 shock serpents
  12 naga sharpshooters
  A deep elf knight (D:13)
  2 deep trolls (Orc:2)
  A sixfirhy (Abyss:3)
  A skeletal warrior (D:14)
  2 unseen horrors
  6 spriggan druids
  A spatial maelstrom (Abyss:3)
  4 naga ritualists
  A wizard (D:15)
  2 lindwurms (Lair:6)
  2 necromancers
  9 swamp dragons
  A phantasmal warrior (D:14)
  An orc knight (Orc:1)
  An orb spider (shapeshifter) (D:15)
  An orc sorcerer (D:15)
  9 mana vipers
  A wolf spider (D:15)
  9 salamanders
  14 ugly things
  3 manticores
  3 deep elf magi
  4 cyclopes
  9 elephants (Lair:6)
  3 guardian serpents
  An apocalypse crab (Abyss:3)
  23 black mambas
  13 naga magi
  7 centaur zombies
  A guardian serpent (shapeshifter) (Vaults:1)
  3 orange demons (Swamp:4)
  A gargoyle (D:12)
  5 torpor snails (Lair:6)
  16 cane toads
  An ice statue (IceCv)
  3 rime drakes
  2 efreet
  10 freezing wraiths (IceCv)
  A tengu conjurer (D:15)
  8 komodo dragons
  A meliai (D:13)
  An ancient zyme (Abyss:3)
  21 hornets
  16 trolls
  8 blink frogs
  2 wolf spider simulacra
  A polar bear (Lair:5)
  5 raiju
  18 tyrant leeches
  19 slime creatures
  8 hippogriffs
  13 bog bodies
  3 flying skulls (Abyss:3)
  13 shadows
  5 wraiths
  12 spriggans
  3 wyverns
  3 hogs (Snake:3)
  4 large abominations
  38 yaks
  6 basilisks
  2 steam dragons
  24 vampire mosquitoes
  16 swamp worms
  45 nagas
  2 death yak simulacra (IceCv)
  2 wargs
  4 acid dragons
  12 insubstantial wisps
  10 water moccasins
  17 ice beasts
  11 porcupines
  5 sky beasts
  A meliai simulacrum (Gauntlet)
  7 swamp drakes
  7 black bears
  An alligator simulacrum (IceCv)
  11 orc warriors
  A boggart (Vaults:1)
  An ice dragon simulacrum (Gauntlet)
  2 phantoms
  26 ogres
  3 necrophages
  10 wolves
  11 centaurs
  2 small abominations
  13 crocodiles
  A big kobold (D:13)
  10 bullfrogs
  Blork the orc (D:4)
  A wyvern zombie (D:7)
  A gnoll sergeant (Orc:2)
  2 scorpions
  6 killer bees (D:11)
  16 wights
  2 howler monkeys (D:8)
  3 electric eels
  4 crimson imps (D:5)
  A quasit (D:6)
  2 wyvern simulacra
  A jelly (D:5)
  2 draconian simulacra (IceCv)
  5 hounds
  14 orc priests
  3 bullfrog skeletons
  9 iguanas
  6 centaur skeletons
  13 orc wizards
  5 troll simulacra (IceCv)
  17 worker ants
  2 spriggan simulacra (IceCv)
  2 centaur simulacra (IceCv)
  A hound zombie (D:8)
  2 hound skeletons
  Robin (D:4)
  2 worker ant zombies
  14 gnolls
  A howler monkey skeleton (D:7)
  13 adders
  6 naga simulacra (IceCv)
  3 ogre simulacra (IceCv)
  3 shadow imps
  15 white imps
  4 adder skeletons
  5 worms
  3 dart slugs
  4 leopard geckos
  86 orcs
  5 giant cockroaches
  13 goblins
  17 hobgoblins
  11 jackals
  5 bats
  9 frilled lizards
  A giant cockroach zombie (D:5)
  10 kobolds
  A leopard gecko skeleton (D:5)
  A leopard gecko zombie (D:7)
  A quokka zombie (D:5)
  7 rats
  A plant (Lair:6)
1149 creatures vanquished.

Vanquished Creatures (others)
  Asterion (Snake:2)
  A bog body (Swamp:4)
  A human (Snake:3)
  A basilisk (D:13)
  2 swamp worms
  An orc (Snake:3)
  A briar patch (Swamp:2)
  8 demonic plants (Gauntlet)
  12 fungi
  10 plants
  5 starspawn tentacles (Abyss:3)
43 creatures vanquished.

Grand Total: 1192 creatures vanquished

Notes
Turn   | Place    | Note
-------+----------+-------------------------------------------
     0 | D:1      | Infinimo the Gargoyle Earth Elementalist began the quest
                  | for the Orb.
     0 | D:1      | Reached XP level 1. HP: 10/10 MP: 3/3
   360 | D:1      | Reached XP level 2. HP: 10/16 MP: 5/5
   488 | D:1      | Reached skill level 4 in Earth Magic
   572 | D:1      | Reached skill level 1 in Fighting
  1133 | D:1      | Reached XP level 3. HP: 18/20 MP: 6/6
  1914 | D:2      | Reached XP level 4. HP: 22/26 MP: 4/7
  2146 | D:2      | Reached skill level 5 in Earth Magic
  2866 | D:3      | Found a radiant altar of Vehumet.
  2941 | D:3      | Reached XP level 5. HP: 30/30 MP: 6/9
  3614 | D:3      | Found a stormy altar of Qazlal.
  3617 | D:3      | Noticed an air elemental
  3617 | D:3      | Noticed a water elemental
  3617 | D:3      | Noticed a fire elemental
  3853 | D:4      | Reached skill level 6 in Earth Magic
  3901 | D:4      | Reached XP level 6. HP: 31/36 MP: 1/10
  3990 | D:4      | Found a sparkling altar of Nemelex Xobeh.
  4008 | D:4      | Noticed Blork the orc
  4016 | D:4      | Killed Blork the orc
  4028 | D:4      | Learned a level 3 spell: Stone Arrow
  4088 | D:4      | Reached skill level 1 in Conjurations
  4091 | D:4      | Noticed Robin
  4140 | D:4      | Killed Robin
  4321 | D:4      | Reached XP level 7. HP: 39/41 MP: 5/12
  4411 | D:4      | Reached skill level 7 in Earth Magic
  4759 | D:5      | Entered Level 5 of the Dungeon
  5101 | D:5      | Found a shimmering altar of Xom.
  5518 | D:5      | Reached XP level 8. HP: 41/48 MP: 7/14
  5582 | D:5      | Found an opulent altar of Gozag.
  5607 | D:5      | Became a worshipper of Gozag Ym Sagoz the Greedy
  5907 | D:5      | Reached skill level 8 in Earth Magic
  6478 | D:6      | Found a staircase to the Ecumenical Temple.
  6607 | D:6      | Found a burning altar of Makhleb.
  6916 | D:6      | Reached skill level 5 in Conjurations
  7450 | D:7      | Reached skill level 9 in Earth Magic
  7453 | D:7      | Reached skill level 5 in Fighting
  7453 | D:7      | Reached XP level 9. HP: 42/54 MP: 10/16
  7757 | D:7      | Found a glowing silver altar of Zin.
  8012 | D:7      | Reached skill level 5 in Spellcasting
  8756 | D:8      | Noticed a two-headed ogre
  8761 | D:8      | Killed a two-headed ogre
  8761 | D:8      | Reached skill level 10 in Earth Magic
  8955 | D:8      | Noticed Harold
  9017 | D:8      | Killed Harold
  9017 | D:8      | Reached XP level 10. HP: 44/61 MP: 11/18
  9018 | D:8      | Reached skill level 11 in Earth Magic
  9185 | D:8      | Noticed a moth of wrath
  9188 | D:8      | Found a bloodstained altar of Trog.
  9548 | D:9      | Found a glowing golden altar of the Shining One.
  9583 | D:9      | Found an iron altar of Okawaru.
  9660 | D:9      | Found an iron altar of Okawaru.
  9664 | D:9      | Found a blossoming altar of Fedhas.
  9872 | D:9      | Identified the Catalogue of Damaging Heat
  9882 | D:9      | Learned a level 5 spell: Iskenderun's Battlesphere
 10454 | D:10     | Entered Level 10 of the Dungeon
 10589 | D:10     | Reached skill level 1 in Shields
 10910 | D:10     | Noticed a catoblepas
 10927 | D:10     | Killed a catoblepas
 11105 | D:10     | Noticed a manticore
 11112 | D:10     | Killed a manticore
 11463 | D:10     | Reached XP level 11. HP: 67/67 MP: 14/20
 11607 | D:10     | HP: 2/67 [something (8)]
 11919 | D:10     | Reached skill level 12 in Earth Magic
 11948 | D:10     | Killed an unseen horror
 12791 | D:11     | Reached skill level 10 in Conjurations
 12927 | D:11     | Found a staircase to the Lair.
 14182 | D:11     | Bought a bubbling cyan potion for 19 gold pieces
 14184 | D:11     | Bought a fine flail for 272 gold pieces
 14184 | D:11     | Identified the +6 flail "Fish" {vamp, rPois MP+9 Dex+2}
                  | (You bought it in a shop on level 11 of the Dungeon)
 14590 | D:12     | Found a staircase to the Orcish Mines.
 15406 | D:12     | Killed an unseen horror
 15487 | D:12     | Reached skill level 13 in Earth Magic
 15805 | D:12     | Noticed a cyclops
 16426 | D:12     | Killed a cyclops
 16426 | D:12     | Reached XP level 12. HP: 48/75 MP: 18/23
 16714 | D:13     | Noticed a four-headed hydra
 16723 | D:12     | Killed a four-headed hydra
 16893 | Lair:1   | Entered Level 1 of the Lair of Beasts
 16909 | D:11     | Reached skill level 5 in Shields
 18106 | Lair:1   | Learned a level 5 spell: Lee's Rapid Deconstruction
 18179 | Lair:2   | Noticed a five-headed hydra
 18187 | Lair:2   | Killed a five-headed hydra
 18389 | Lair:2   | Noticed Fannar
 18398 | Lair:2   | Killed Fannar
 18849 | Lair:2   | Noticed a seven-headed hydra
 18857 | Lair:2   | Killed a seven-headed hydra
 18857 | Lair:2   | Reached skill level 14 in Earth Magic
 19144 | Lair:3   | Found a staircase to the Snake Pit.
 19279 | Lair:3   | Reached skill level 1 in Evocations
 19814 | Lair:3   | You fall into a shaft and drop 1 floor!
 19859 | Lair:4   | Reached XP level 13. HP: 80/80 MP: 17/25
 20570 | Lair:4   | Found a staircase to the Swamp.
 21219 | Lair:4   | Got a scorched leather armour
 21230 | Lair:4   | Identified the +1 leather armour of Nemelex Xobeh's Hatred
                  | {rN+ Regen+} (You found it on level 4 of the Lair of
                  | Beasts)
 21319 | Lair:5   | Found a gate leading to a gauntlet.
 21325 | Gauntlet | Entered a Gauntlet
 21325 | Gauntlet | Found a transporter.
 21347 | Gauntlet | Found a transporter.
 21363 | Gauntlet | Found a transporter.
 21367 | Gauntlet | Found a transporter.
 21377 | Gauntlet | Found a transporter.
 21397 | Gauntlet | Found a transporter.
 21403 | Gauntlet | Found a transporter.
 21406 | Gauntlet | Found a transporter.
 21429 | Gauntlet | Found a transporter.
 21429 | Gauntlet | Noticed a balrug
 21449 | Gauntlet | Found a transporter.
 21453 | Gauntlet | Found a transporter.
 21461 | Gauntlet | Found a transporter.
 21692 | Gauntlet | Noticed a minotaur
 21700 | Gauntlet | Killed a minotaur
 21700 | Gauntlet | Reached skill level 10 in Fighting
 22088 | Lair:5   | Found a radiant altar of Vehumet.
 22743 | Lair:5   | Identified a scroll of acquirement
 22743 | Lair:5   | Acquired a book of the Earth
 22752 | Lair:5   | Learned a level 6 spell: Iron Shot
 22777 | Lair:6   | Entered Level 6 of the Lair of Beasts
 22906 | Lair:5   | Bought a puce potion for 27 gold pieces
 22974 | Lair:6   | Got a twitching granite ring
 23710 | Lair:6   | Gained mutation: Your large and strong wings let you fly
                  | indefinitely. [Gargoyle growth]
 23710 | Lair:6   | Reached XP level 14. HP: 88/88 MP: 27/27
 24340 | Lair:6   | Found a transporter.
 24347 | Lair:6   | Found a bloodstained altar of Trog.
 24353 | Lair:6   | Identified the +6 trident "Coas" {drain, rN+ Str+2 Dex+2}
 24353 | Lair:6   | Noticed WhatIsLove's ghost (journeyman HOMo)
 24440 | Lair:6   | Reached skill level 15 in Earth Magic
 24479 | Lair:6   | Found a transporter.
 24607 | Lair:6   | Found a viscous altar of Jiyva.
 24608 | Lair:6   | Found a staircase to the Slime Pits.
 24667 | Lair:6   | Found a runed translucent door.
 24866 | Lair:6   | Reached skill level 5 in Evocations
 25513 | Lair:6   | Bought the ring of Foratul {rC+ MP+9} for 612 gold pieces
 25514 | Lair:6   | Identified the ring "Ikyuk" {Int+6 Dex+4} (You found it on
                  | level 6 of the Lair of Beasts)
 25712 | Orc:1    | Entered Level 1 of the Orcish Mines
 25999 | Orc:1    | Noticed a stone giant
 26003 | Orc:1    | Killed a stone giant
 26168 | Orc:2    | Entered Level 2 of the Orcish Mines
 26660 | Orc:2    | Found Telopu's Mayhem Merchandise.
 26781 | Orc:2    | Found a staircase to the Elven Halls.
 26897 | Orc:2    | Found Gusuodwu's Antique Armour Emporium.
 27212 | Orc:2    | Reached skill level 10 in Spellcasting
 27253 | Orc:2    | Found Xureapea's Gadget Emporium.
 27254 | Orc:2    | Found Fauffas's Magic Scroll Shop.
 27440 | Orc:2    | Reached XP level 15. HP: 95/95 MP: 20/29
 27538 | Orc:2    | Reached skill level 15 in Conjurations
 27623 | Orc:2    | Reached skill level 16 in Earth Magic
 27679 | Orc:2    | Bought a crude ring mail for 216 gold pieces
 27679 | Orc:2    | Bought a spiked leather armour for 168 gold pieces
 27690 | Orc:2    | Identified the +5 ring mail of True Grit {MR+ Int+3 Dex+9}
                  | (You bought it in a shop on level 2 of the Orcish Mines)
 27700 | Orc:2    | Identified the +0 leather armour "Wyviseho" {Str+4 Dex+5
                  | Slay-6} (You bought it in a shop on level 2 of the Orcish
                  | Mines)
 27743 | Orc:2    | Found Himigam's Antique Weapon Shoppe.
 27747 | Orc:2    | Bought a scroll of teleportation for 42 gold pieces
 27747 | Orc:2    | Bought a scroll of blinking for 105 gold pieces
 27747 | Orc:2    | Bought a scroll of teleportation for 42 gold pieces
 27747 | Orc:2    | Bought a scroll of blinking for 105 gold pieces
 28681 | D:13     | HP: 4/96 [efreet/bolt of fire (10)]
 29451 | D:13     | Found a gate to the Vaults.
 29504 | D:13     | Noticed Urug
 29515 | D:13     | Killed Urug
 29563 | D:13     | Found Mamikaz's Weapon Emporium.
 30033 | D:14     | Found Umugaate's Weapon Shop.
 30340 | D:14     | Found Osypasij's Assorted Antiques.
 30452 | D:14     | Found Anedghe's Weapon Shoppe.
 30472 | D:14     | Found Liorohy's Antique Weapon Shop.
 30485 | D:14     | Found a frozen archway.
 30568 | IceCv    | Entered an ice cave
 30997 | IceCv    | Found an ancient bone altar of Kikubaaqudgha.
 31909 | D:14     | Found Icveokh's Distillery.
 31918 | D:14     | Bought a potion of curing for 42 gold pieces
 31918 | D:14     | Bought a potion of haste for 140 gold pieces
 31918 | D:14     | Bought a potion of haste for 140 gold pieces
 31918 | D:14     | Bought a potion of heal wounds for 70 gold pieces
 31918 | D:14     | Bought a potion of curing for 42 gold pieces
 32060 | D:14     | Reached skill level 17 in Earth Magic
 32060 | D:14     | Reached XP level 16. HP: 54/101 MP: 1/30
 32080 | D:14     | HP: 1/101 [phantasmal warrior[a death knight] (12)]
 32384 | D:15     | Entered Level 15 of the Dungeon
 33864 | D:15     | Found a staircase to the Depths.
 33897 | D:15     | Got a faintly glowing leather armour
 33908 | D:15     | Identified the +2 leather armour of Vytixom {rF- Regen+
                  | rCorr Str+5} (You found it on level 15 of the Dungeon)
 34106 | Swamp:1  | Entered Level 1 of the Swamp
 35337 | Swamp:2  | Noticed a thorn hunter
 35905 | Swamp:2  | Killed a thorn hunter
 36021 | Swamp:2  | Noticed a thorn hunter
 36029 | Swamp:2  | Killed a thorn hunter
 36260 | Swamp:2  | Reached skill level 18 in Earth Magic
 36909 | Swamp:2  | Reached XP level 17. HP: 99/108 MP: 24/32
 37049 | Swamp:3  | Noticed Louise
 37049 | Swamp:3  | Cast into level 3 of the Abyss (Louise)
 37049 | Abyss:3  | Found a corrupted altar of Lugonu.
 37114 | Abyss:3  | Noticed a bone dragon
 37123 | Abyss:3  | Killed a bone dragon
 37124 | Abyss:3  | Noticed a tentacled starspawn
 37146 | Abyss:3  | Killed a tentacled starspawn
 37198 | Abyss:3  | Noticed a tentacled starspawn
 37207 | Abyss:3  | Noticed a lich
 37209 | Abyss:3  | Killed a tentacled starspawn
 37219 | Abyss:3  | Killed a lich
 37388 | Swamp:3  | Escaped the Abyss
 37399 | Swamp:3  | Found a transporter.
 37399 | Swamp:3  | Noticed brujo666's ghost (adept DsFi)
 37411 | Swamp:3  | Found a transporter.
 38157 | Swamp:3  | Noticed Donald
 38164 | Swamp:3  | Killed Donald
 38714 | Swamp:3  | Killed Louise
 39173 | Swamp:3  | Killed brujo666's ghost
 39282 | Swamp:3  | Acquired 570 gold pieces
 39333 | Swamp:4  | Entered Level 4 of the Swamp
 39338 | Swamp:3  | Bought a book of the Warp for 1620 gold pieces
 39347 | Swamp:3  | Learned a level 8 spell: Controlled Blink
 39474 | Swamp:4  | Reached skill level 1 in Translocations
 40029 | Swamp:4  | Noticed a tentacled monstrosity
 40248 | Swamp:4  | Killed a tentacled monstrosity
 40373 | Swamp:3  | Reached XP level 18. HP: 73/116 MP: 10/34
 41066 | Swamp:4  | Got a decaying rune of Zot
 41407 | Snake:1  | Entered Level 1 of the Snake Pit
 41456 | Snake:1  | Reached skill level 5 in Translocations
 41635 | Snake:1  | Upgraded the game from 0.26-a0-291-g3d11bbfad5 to
                  | 0.26-a0-307-g4e7fcc93f0
 42032 | Snake:2  | Noticed Vashnia
 42143 | Snake:2  | Killed Vashnia
 42288 | Snake:2  | Found Udanamy's Assorted Antiques.
 42288 | Snake:2  | Found Tiossareph's General Store.
 42289 | Snake:2  | Found Xukonub's Weapon Boutique.
 42291 | Snake:2  | Found Taral's Magic Scroll Shop.
 42296 | Snake:2  | Bought a scroll of blinking for 202 gold pieces
 42296 | Snake:2  | Bought a bone wand for 108 gold pieces
 42296 | Snake:2  | Bought a crude golden amulet for 135 gold pieces
 42296 | Snake:2  | Bought a scroll of teleportation for 81 gold pieces
 42306 | Snake:2  | Identified the amulet "Okicw" {Reflect rC+ SH+5 Stlth+}
                  | (You bought it in a shop on level 2 of the Snake Pit)
 42314 | Snake:2  | Bought a scroll of teleportation for 42 gold pieces
 42314 | Snake:2  | Bought a scroll of magic mapping for 49 gold pieces
 42317 | Snake:2  | Bought a scroll of teleportation for 54 gold pieces
 43136 | Snake:2  | Noticed Asterion
 43162 | Snake:2  | Gained mutation: You are clumsy. (Dex -2) [a cacodemon]
 43327 | Snake:1  | Lost mutation: You are clumsy. (Dex -2) [potion of
                  | mutation]
 43327 | Snake:1  | Gained mutation: You are dopey. (Int -2) [potion of
                  | mutation]
 43327 | Snake:1  | Gained mutation: Your flesh is heat resistant. (rF+)
                  | [potion of mutation]
 43327 | Snake:1  | Gained mutation: Your magical capacity is low. (-10% MP)
                  | [potion of mutation]
 43327 | Snake:1  | Gained mutation: You evolve. [potion of mutation]
 43328 | Snake:1  | Lost mutation: You evolve. [potion of mutation]
 43328 | Snake:1  | Lost mutation: You are dopey. (Int -2) [potion of mutation]
 43328 | Snake:1  | Gained mutation: You are clumsy. (Dex -2) [potion of
                  | mutation]
 43328 | Snake:1  | Gained mutation: You have a pair of small horns on your
                  | head. [potion of mutation]
 43328 | Snake:1  | Gained mutation: You expend magic power (3 MP) to
                  | strengthen your wands. [potion of mutation]
 43329 | Snake:1  | Lost mutation: You have a pair of small horns on your head.
                  | [potion of mutation]
 43329 | Snake:1  | Lost mutation: You are clumsy. (Dex -2) [potion of
                  | mutation]
 43329 | Snake:1  | Lost mutation: Your magical capacity is low. (-10% MP)
                  | [potion of mutation]
 43329 | Snake:1  | Lost mutation: Your flesh is heat resistant. (rF+) [potion
                  | of mutation]
 43329 | Snake:1  | Gained mutation: You are frail. (-10% HP) [potion of
                  | mutation]
 43329 | Snake:1  | Gained mutation: Your flesh is heat resistant. (rF+)
                  | [potion of mutation]
 43329 | Snake:1  | Gained mutation: You do not regenerate when monsters are
                  | visible. [potion of mutation]
 43329 | Snake:1  | Gained mutation: You evolve. [potion of mutation]
 43330 | Snake:1  | Lost mutation: You are frail. (-10% HP) [potion of
                  | mutation]
 43330 | Snake:1  | Lost mutation: Your flesh is heat resistant. (rF+) [potion
                  | of mutation]
 43330 | Snake:1  | Gained mutation: Your mind is acute. (Int +2) [potion of
                  | mutation]
 43330 | Snake:1  | Gained mutation: You are partially covered in molten
                  | scales. (AC +2) [potion of mutation]
 43356 | Snake:2  | Killed Asterion
 44229 | Snake:3  | Noticed Kirke
 44366 | Snake:2  | Killed Kirke
 44779 | Snake:3  | Noticed Aizul
 44795 | Snake:3  | Killed Aizul
 44995 | Snake:3  | Noticed Saint Roka
 45493 | Snake:3  | Noticed Bai Suzhen
 45823 | Snake:3  | Killed Bai Suzhen
 45918 | Snake:3  | Killed Saint Roka
 45937 | Snake:3  | Reached XP level 19. HP: 118/123 MP: 7/36
 46169 | Snake:3  | Gained mutation: Your magical capacity is low. (-10% MP)
                  | [evolution]
 46248 | Snake:3  | Reached skill level 15 in Fighting
 46342 | Snake:3  | Lost mutation: Your magical capacity is low. (-10% MP)
                  | [potion of mutation]
 46342 | Snake:3  | Lost mutation: Your mind is acute. (Int +2) [potion of
                  | mutation]
 46342 | Snake:3  | Lost mutation: You expend magic power (3 MP) to strengthen
                  | your wands. [potion of mutation]
 46342 | Snake:3  | Gained mutation: You are partially covered in icy blue
                  | scales. (AC +2) [potion of mutation]
 47120 | Snake:4  | Entered Level 4 of the Snake Pit
 48358 | Snake:4  | Reached skill level 10 in Translocations
 48932 | Snake:4  | Got a serpentine rune of Zot
 49277 | Vaults:1 | Entered Level 1 of the Vaults
 49359 | Vaults:1 | HP: 4/186 [vault warden/+0 great sword of protection (18)]
 49380 | Vaults:1 | HP: 8/186 [deep elf archer/arrow (5)]
 49385 | Vaults:1 | Killed from afar by a lindwurm (shapeshifter)

Illustrated notes

Levels and vault maps discovered:
D:1:      dpeg_arrival_stonehenge_8_columns, layout_basic
D:2:      layout_rooms
D:3:      layout_loops_ring, fiery_altar_vehumet,
          nicolae_qazlal_style_of_elements
D:4:      layout_cave_pools, nemelex_xobeh_ov_fountains_minmay,
          uniq_blork_the_orc, uniq_robin
D:5:      layout_loops_cross, basic_altar, led_xom_imps
D:6:      layout_gridville, makhleb_heckhound_becter,
          minmay_temple_entry_slanted, grunt_decor_cap, roderic_serpentine_path
D:7:      layout_loops_corners, zin_academy, hex_large
D:8:      layout_rooms, tgw_trog, uniq_harold
D:9:      layout_long_grid, nicolae_overflow_crystal_walls,
          nicolae_overflow_hidden_temple, serial_bayou_pond_a, okawaru_trees_1
D:10:     nzn_motion_control, layout_loops_ring, minmay_misc_feat_secret_circle
D:11:     layout_loops_corners, due_lair_maze_entry_diamond
D:12:     layout_long_grid, hiddenorc2_lemuel, serial_park_tiny_pond,
          dk_vineyard_2
D:13:     layout_loops_ring, lightli_vaults_fourway_checkpoint, serial_shops,
          shop, minivault_14, minmay_the_grid_2x2 [minmay_the_grid_fan,
          minmay_the_grid_minigrid_small_alt, minmay_the_grid_empty,
          minmay_the_grid_prize_inner_circle], uniq_urug
D:14:     layout_long_grid, roderic_lattice_a, portal_ice_cave_entry_ice_beasts,
          serial_shops, kennysheep_little_box,
          nicolae_shop_competitors_out_of_business, kennysheep_mini_moat, shop,
          shop
D:15:     grunt_enter_depths_magical_seal, layout_gridville,
          kennysheep_pointless_box, kb_tengu_band
Lair:1:   layout_gridlike, grunt_megastairs_2, serial_bayou_shore_b
Lair:2:   layout_chaotic_city, uniq_fannar
Lair:3:   layout_gridlike, guppyfry_snake_entry_island
Lair:4:   layout_gridlike, swamp_mist_pool, worms_lemuel
Lair:5:   layout_regular_city, basic_altar, gauntlet_entry_generic,
          grunt_megastairs_1, lemuel_fruit_tree, serial_bayou_shore_a,
          serial_bayou_shore_b
Lair:6:   guppyfry_lair_end_dragon, layout_regular_city, wormcave,
          dpeg_slime_entry_enclosed_altar, gammafunk_ghost_wrathful_warriors,
          infiniplex_staircase_pool, grunt_megastairs_5
Swamp:1:  layout_basic_swamp, evilmike_swamp_ruin_house_1
Swamp:2:  layout_falls_marsh, evilmike_swamp_ruin_rubble_1
Swamp:3:  layout_basic_swamp, gammafunk_ghost_arena,
          nicolae_swamp_feature_on_the_river_bank, swamp_pool1,
          roderic_carrion_pond, uniq_louise, uniq_donald
Swamp:4:  swamp_vile, layout_basic_swamp, nicolae_swamp_treefoil
Snake:1:  layout_misc_corridors
Snake:2:  layout_chambers, minmay_shoptagon, serial_bayou_shore_b,
          serial_bayou_shore_b, uniq_asterion, uniq_vashnia
Snake:3:  layout_layer_cave, uniq_kirke, uniq_bai_suzhen, uniq_aizul,
          uniq_saint_roka
Snake:4:  minmay_snake_end_coiled, layout_gridlike
Orc:1:    layout_caves
Orc:2:    st_orc_open, layout_caves, minmay_shop_mayhem, rock_pile
Vaults:1: vaults_room_ringed_pool, nicolae_vaults_little_squares_1,
          hangedman_vaults_restitches, vaults_standard_mumra_x,
          vaults_room_door_ring, v_misc_23, vaults_room_grunt_arrival_ludios,
          ontoclasm_vaults_decontamination, nicolae_vaults_diagonal_hallway_7,
          vaults_dpeg_ring, layout_vaults_omnigrid

Skill      XL: |  1  2  3  4  5  6  7  8  9 10 11 12 13 14 15 16 17 18 19 |
---------------+----------------------------------------------------------+-----
Earth Magic    | 4 5 6 7 9 10 11 13 14 15 17 18 | 18.8
Fighting       | 1 2 3 4 5 6 7 8 9 10 11 12 13 14 15 | 15.5
Spellcasting   | 3 4 5 6 7 8 9 10 11 12 13 | 13.6
Conjurations   | 1 3 5 8 9 10 12 13 14 16 17 | 17.7
Shields        | 2 4 6 |  6.0
Evocations     | 1 4 5 7 8 |  8.8
Translocations | 3 8 10 | 10.4
Dodging        | |  1.5
Stealth        | |  2.1
Transmutations | |  0.7

Action                   |  1- 3 |  4- 6 |  7- 9 | 10-12 | 13-15 | 16-18 | 19-21 || total
-------------------------+-------+-------+-------+-------+-------+-------+-------++-------
Melee: Unarmed           |    77 |       |       |       |       |       |       ||    77
       Club              |    36 |       |       |       |       |       |       ||    36
       Short sword       |    75 |   141 |       |       |       |       |       ||   216
       Glaive            |       |       |   149 |   201 |       |       |       ||   350
       Scimitar          |       |       |    12 |       |       |       |       ||    12
       Flail             |       |       |       |   128 |   237 |       |       ||   365
       Staff             |       |       |       |       |    11 |     8 |       ||    19
 Cast: Sandblast         |    15 |    73 |   131 |   110 |     1 |       |       ||   330
       Stone Arrow       |       |       |    21 |   195 |   544 |   233 |    16 ||  1009
       Iron Shot         |       |       |       |       |   252 |   631 |   156 ||  1039
       Lee's Rapid Decon |       |       |       |       |     4 |     7 |       ||    11
Invok: Call Merchant     |       |       |       |     2 |     3 |     2 |     1 ||     8
 Abil: Fly               |       |       |       |       |     1 |       |       ||     1
Evoke: Staff of energy   |       |       |       |       |   185 |   608 |   270 ||  1063
       Wand              |       |       |       |       |       |     4 |       ||     4
  Use: Scroll            |     5 |     3 |     1 |    16 |    10 |    25 |     2 ||    62
       Potion            |       |       |       |     2 |       |    13 |     9 ||    24
 Stab: Sleeping          |     2 |     2 |     3 |     9 |     1 |       |       ||    17
       Distracted        |       |       |       |     2 |     1 |       |       ||     3
Armor: Robe              |    68 |    83 |    93 |   389 |    19 |       |       ||   652
       Leather armour    |       |       |       |       |   507 |   672 |    80 ||  1259
       Skin              |       |       |       |       |       |       |     4 ||     4
Dodge: Dodged            |   157 |   118 |   151 |   364 |   447 |   468 |    39 ||  1744
Block: Buckler           |       |       |       |    49 |   185 |   265 |    49 ||   548
       Reflection        |       |       |       |       |       |    11 |    17 ||    28
       Rpst.: Scimitar   |       |       |     4 |       |       |       |       ||     4

Table legend:
 A = Non-vault XP
 B = Vault XP
 C = Vault XP percentage of total XP
 D = Non-vault monster count
 E = Vault monster count
 F = Vault count percentage of total count
                 A         B        C        D         E       F
            +---------+---------+-------+---------+---------+-------
      Total |  215674 |  146109 |  40.4 |     783 |     369 |  32.0
            +---------+---------+-------+---------+---------+-------
        D:1 |      46 |       0 |   0.0 |      27 |       0 |   0.0
        D:2 |      77 |       0 |   0.0 |      22 |       0 |   0.0
        D:3 |      98 |       0 |   0.0 |      25 |       0 |   0.0
        D:4 |     362 |     126 |  25.8 |      19 |      12 |  38.7
        D:5 |     459 |     194 |  29.7 |      27 |       4 |  12.9
        D:6 |     754 |      39 |   4.9 |      26 |       1 |   3.7
        D:7 |     907 |       0 |   0.0 |      22 |       0 |   0.0
        D:8 |    1746 |     952 |  35.3 |      23 |       6 |  20.7
        D:9 |     881 |       0 |   0.0 |      13 |       0 |   0.0
       D:10 |    3771 |    1434 |  27.6 |      19 |       2 |   9.5
       D:11 |    2199 |    1294 |  37.0 |      21 |      18 |  46.2
       D:12 |    4405 |     187 |   4.1 |      26 |      24 |  48.0
       D:13 |    4794 |   13907 |  74.4 |      23 |      22 |  48.9
       D:14 |   11953 |    1927 |  13.9 |      34 |       9 |  20.9
       D:15 |   12230 |    4565 |  27.2 |      27 |       9 |  25.0
     Lair:1 |    4352 |     580 |  11.8 |      19 |       3 |  13.6
     Lair:2 |    3043 |    1064 |  25.9 |       6 |       1 |  14.3
     Lair:3 |    2238 |     651 |  22.5 |      12 |       4 |  25.0
     Lair:4 |    5078 |     497 |   8.9 |      22 |       3 |  12.0
     Lair:5 |    8311 |     776 |   8.5 |      26 |       3 |  10.3
     Lair:6 |   11176 |   11074 |  49.8 |      30 |      34 |  53.1
    Swamp:1 |   10624 |       0 |   0.0 |      28 |       0 |   0.0
    Swamp:2 |   27163 |    1206 |   4.3 |      67 |       3 |   4.3
    Swamp:3 |   15100 |    9166 |  37.8 |      41 |      11 |  21.2
    Swamp:4 |    9197 |   17905 |  66.1 |      28 |      27 |  49.1
    Snake:1 |   11815 |       0 |   0.0 |      20 |       0 |   0.0
    Snake:2 |   14283 |   12048 |  45.8 |      26 |       6 |  18.8
    Snake:3 |   18237 |   13579 |  42.7 |      32 |      16 |  33.3
    Snake:4 |   10564 |   24187 |  69.6 |      18 |      42 |  70.0
      Orc:1 |    3668 |       0 |   0.0 |      16 |       0 |   0.0
      Orc:2 |    1250 |   15398 |  92.5 |      20 |      40 |  66.7
   Vaults:1 |       0 |    3315 | 100.0 |       0 |       4 | 100.0
    Abyss:3 |   14893 |     356 |   2.3 |      18 |       1 |   5.3
      IceCv |       0 |    6731 | 100.0 |       0 |      54 | 100.0
   Gauntlet |       0 |    2951 | 100.0 |       0 |      10 | 100.0
            +---------+---------+-------+---------+---------+-------
